 Dungeon Crawl Stone Soup version 0.28-a0-664-gc179e30c89 (webtiles) character file.

Game seed: 9773820675920616650

953 mordus the Cudgeller (level 8, -2/58 HPs)
             Began as a Formicid Fighter on Oct 15, 2021.
             Splashed by a jelly's acid (9 damage)
             ... on level 5 of the Dungeon.
             The game lasted 00:11:02 (6200 turns).

mordus the Cudgeller (Formicid Fighter)             Turns: 6200, Time: 00:11:03

Health: -2/58      AC:  5    Str: 23    XL:     8   Next: 36%
Magic:  8/8        EV: 10    Int:  8    God:
Gold:   254        SH:  6    Dex: 16    Spells: 7/7 levels left

rFire   . . .      SeeInvis +   a - +1 flail
rCold   . . .      Faith    .   c - +0 buckler
rNeg    . . .      Spirit   .   b - +0 scale mail
rPois   +          Reflect  .   (helmet unavailable)
rElec   .          Harm     .   p - +1 cloak
rCorr   .          Rampage  .   (no gloves)
Will    .....                   (no boots)
Stlth   ..........              (no amulet)
HPRegen 0.19/turn               n - ring of poison resistance
MPRegen 0.11/turn               f - +6 ring of dexterity

@: corroded
A: permanent stasis, dig shafts and tunnels, antennae 3, four strong arms
a: Dig, Shaft Self


You were on level 5 of the Dungeon.
You visited 1 branch of the dungeon, and saw 6 of its levels.

You collected 254 gold pieces.

Inventory:

Hand Weapons
 a - a +1 flail (weapon)
Armour
 b - a +0 scale mail (worn)
 c - a +0 buckler (worn)
 m - a scarf of resistance
 p - a +1 cloak (worn)
Jewellery
 e - a ring of protection from fire
 f - a +6 ring of dexterity (right hand)
 g - a ring of protection from cold
 n - a ring of poison resistance (left hand)
Wands
 j - a wand of acid (9)
Scrolls
 i - 5 scrolls of identify
 l - 2 scrolls of fog
 o - a scroll of noise
Potions
 d - 2 potions of might
 h - 2 potions of mutation {unknown}
 k - a potion of lignification
 q - a potion of cancellation {unknown}
 r - a potion of curing {unknown}
 s - a potion of heal wounds {unknown}


   Skills:
 - Level 3.2 Fighting
 * Level 6.7 Maces & Flails
 + Level 5.9 Armour
 + Level 6.5 Shields


You had 7 spell levels left.
You didn't know any spells.
Your spell library contained the following spells:

 Spells                   Type           Power      Damage    Failure   Level
 Freeze                   Ice            0%         1d3       71%         1
 Frozen Ramparts          Ice            0%         1d2       97%         3
 Hailstorm                Conj/Ice       0%         3d3       100%        4


Dungeon Overview and Level Annotations

Branches:
Dungeon (6/15)
 Temple: D:4-7

Altars:
Hepliaklqana
Kikubaaqudgha
Nemelex Xobeh
Zin

Shops:
D:1 [   D:6 !


Innate Abilities, Weirdness & Mutations

You cannot be hasted, slowed, berserked, paralysed or teleported.
You can dig through walls and to a lower floor.
You have a pair of large antennae on your head. (SInv)
Your four strong arms can wield two-handed weapons with a shield.


Message History

The ogre shouts!
An ogre is nearby!
A jelly comes into view.
The jelly quivers.
You sock the ogre!
The ogre is heavily wounded.
The ogre hits you with a +0 giant spiked club!
You sock the ogre!
The ogre is severely wounded.
The ogre hits you with a +0 giant spiked club!!
You barely miss the ogre.
The ogre is severely wounded.
You block the jelly's attack. The ogre misses you.
You hit the ogre.
The ogre is almost dead.
You block the jelly's attack.
You hit the ogre.
You kill the ogre!
The jelly hits you. The acid corrodes you!
You are splashed with acid!
You are too injured to fight recklessly!
You are too injured to fight recklessly!
You thump the jelly! The acid corrodes you!
Your hands burn!
* * * LOW HITPOINT WARNING * * *
The jelly is heavily wounded.
The jelly hits you but does no damage.
You hit the jelly but do no damage.
Your hands burn!
* * * LOW HITPOINT WARNING * * *
The jelly is heavily wounded.
You block the jelly's attack.
You hit the jelly but do no damage.
Your hands burn!
* * * LOW HITPOINT WARNING * * *
The jelly is heavily wounded.
The jelly hits you but does no damage.
You hit the jelly.
Your hands burn!
* * * LOW HITPOINT WARNING * * *
The jelly is heavily wounded.
The jelly hits you.
* * * LOW HITPOINT WARNING * * *
You are splashed with acid!
You die...

############# #####
##.....#.....#.
#...###..............
#...##...............
#...##............$..
#...##.......@)...... #
#...##........J......
####....................
?............<..........
###....................#
# ##............#.......
####..........>.........
..................######
####..............#


You could see a jelly.

Vanquished Creatures
  A necrophage (D:5)
  A sky beast (D:6)
  A black bear (D:4)
  2 ogres (D:5)
  2 scorpions
  A bullfrog skeleton (D:4)
  2 jellies
  An orc priest (D:4)
  3 orc wizards
  3 gnolls
  6 adders
  2 adder skeletons (D:4)
  A worm (D:2)
  A dart slug (D:4)
  13 orcs
  3 ball pythons
  14 endoplasms
  2 giant cockroaches
  2 goblins
  7 hobgoblins
  9 jackals
  6 quokkas
  3 bats
  4 frilled lizards
  9 kobolds
  8 rats
107 creatures vanquished.

Vanquished Creatures (others)
  A jelly (D:5)
  2 fungi (D:3)
  8 toadstools (D:3)
11 creatures vanquished.

Grand Total: 118 creatures vanquished

Notes
Turn   | Place    | Note
-------+----------+-------------------------------------------
     0 | D:1      | mordus the Formicid Fighter began the quest for the Orb.
     0 | D:1      | Reached XP level 1. HP: 18/18 MP: 1/1
   200 | D:1      | Reached XP level 2. HP: 19/24 MP: 2/2
   508 | D:1      | Found a faded altar of an unknown god.
  1023 | D:2      | Found a sparkling altar of Nemelex Xobeh.
  1027 | D:2      | Reached XP level 3. HP: 29/29 MP: 3/3
  1475 | D:2      | Reached XP level 4. HP: 34/35 MP: 4/4
  2031 | D:3      | Reached XP level 5. HP: 18/41 MP: 5/5
  2836 | D:3      | Found a sparkling altar of Nemelex Xobeh.
  3116 | D:3      | Found a glowing silver altar of Zin.
  3123 | D:3      | Reached XP level 6. HP: 47/47 MP: 6/6
  3487 | D:3      | Reached skill level 5 in Shields
  4712 | D:4      | Reached skill level 5 in Maces & Flails
  4774 | D:4      | Reached XP level 7. HP: 33/52 MP: 7/7
  4887 | D:4      | Found an ancient bone altar of Kikubaaqudgha.
  5338 | D:5      | Entered Level 5 of the Dungeon
  5370 | D:5      | Reached skill level 5 in Armour
  5493 | D:5      | Found a hazy altar of Hepliaklqana.
  6107 | D:5      | You fall into a shaft and drop 1 floor!
  6117 | D:6      | Reached XP level 8. HP: 58/58 MP: 8/8
  6121 | D:6      | Identified the +0 hat "Enekuag" {*Slow rPois Str+9 Slay-5
                  | SInv}
  6133 | D:6      | Found Werome's Distillery.
  6200 | D:5      | Splashed by a jelly's acid

Illustrated notes

Levels and vault maps discovered:
D:1:      dpeg_arrival_tiny_a, layout_basic, serial_shops, shop, serial_rivers,
          chequers_serial_rivers_small_3, chequers_serial_rivers_small_a,
          chequers_serial_rivers_small_b, chequers_serial_rivers_large_a,
          basic_ecumenical_altar, minmay_distorted
D:2:      layout_basic, basic_altar
D:3:      cheibrodos_fertilizer, layout_loops_cross, nemelex_dance_club_becter,
          amcnicky_altar_gilded, kennysheep_generic_room_15
D:4:      layout_loops_ring, mainiacjoe_overflow_paths
D:5:      layout_rooms, mainiacjoe_overflow_brackets, lemuel_doored_altar,
          lemuel_old_faithful
D:6:      layout_cave_pools, old_standard_altar, minmay_shop_grid_forest,
          minmay_hedge_maze

Skill      XL: |  1  2  3  4  5  6  7 |
---------------+----------------------+-----
Shields        | 4 5 6 |  6.5
Maces & Flails | 3 4 5 6 |  6.7
Armour         | 4 5 |  5.9
Fighting       | |  3.2

Action                   |  1- 3 |  4- 6 |  7- 9 || total
-------------------------+-------+-------+-------++-------
Melee: Flail             |   106 |   197 |    90 ||   393
  Use: Scroll            |       |     8 |     2 ||    10
Armor: Scale mail        |    55 |    75 |    64 ||   194
Dodge: Dodged            |    48 |    81 |    42 ||   171
Block: Buckler           |    25 |    45 |    38 ||   108

Table legend: (Time is in decaauts)
 A = Elapsed time spent in this place.
 B = Non-inter-level travel time spent in this place.
 C = Inter-level travel time spent in this place.
 D = Time resting spent in this place.
 E = Time spent auto-exploring this place.
 F = Levels seen in this place.
 G = Mean time per level.
                   A        B        C        D        E       F      G
               +--------+--------+--------+--------+--------+-----+--------+
         Total |   6293 |   6207 |     86 |   2355 |   2757 |   6 | 1048.8 |
       Dungeon |   6293 |   6207 |     86 |   2355 |   2757 |   6 | 1048.8 |
               +--------+--------+--------+--------+--------+-----+--------+

Top non-repeatable levels by time:
     D:3: 2105 daAuts
     D:4: 1768 daAuts
     D:2: 1035 daAuts
     D:1: 1002 daAuts
     D:5: 352 daAuts
     D:6: 28 daAuts
